 Dungeon Crawl Stone Soup version 0.15.2 (webtiles) character file.

235 Arvee the Sneak (level 6, -2/42 HPs)
             Began as a Halfling Fighter on Feb 10, 2015.
             Slain by Huymann's ghost (3 damage)
             ... on Level 4 of the Dungeon.
             The game lasted 00:12:03 (2802 turns).

Arvee the Sneak (Halfling Fighter)                  Turns: 2802, Time: 00:12:04

HP  -2/42        AC  6     Str 16      XL: 6   Next: 26%
MP   6/6         EV 12     Int  7      God:
Gold 123         SH  6     Dex 16      Spells:  0 memorised,  5 levels left

rFire  . . .     SeeInvis +     f - +1 dagger (drain)
rCold  . . .     Clarity  .     n - +3 leather armour
rNeg   . . .     rCorr    .     c - +0 buckler
rPois  .         rRot     .     (no helmet)
rElec  .         Spirit   .     (no cloak)
SustAb .         Warding  .     (no gloves)
rMut   .         Stasis   .     (no boots)
Gourm  .                        (no amulet)
MR     .....                    i - ring of see invisible
                                p - ring of stealth

@: not resistant to hostile enchantments, stealthy
A: mutation resistance 1
a: no special abilities


You were on level 4 of the Dungeon.
You were hungry.

You visited 1 branch of the dungeon, and saw 4 of its levels.

You collected 123 gold pieces.

Inventory:

Hand weapons
 a - a +0 cutlass
 f - a +1 dagger of draining (weapon)
 A - a +2 dagger of holy wrath
Armour
 b - a +0 scale mail
 c - a +0 buckler (worn)
 n - a +3 leather armour (worn)
Magical devices
 B - a wand of magic darts (7)
Comestibles
 d - 5 bread rations
 o - a beef jerky
 r - 3 meat rations
 t - a fruit
Scrolls
 h - 5 scrolls of identify
 j - 3 scrolls of teleportation {unknown}
 l - 2 scrolls of remove curse {unknown}
 q - 2 scrolls of fear {unknown}
 x - a scroll of immolation {unknown}
 y - a scroll of recharging {unknown}
Jewellery
 g - a +3 ring of intelligence
 i - a ring of see invisible (right hand)
 p - a ring of stealth (left hand)
 u - an uncursed amulet of the gourmand {unknown}
 w - an uncursed ring of protection from cold {unknown}
Potions
 e - a potion of might
 k - a potion of haste {unknown}
 m - a potion of heal wounds {unknown}
 s - 2 potions of poison {unknown}
 v - a potion of restore abilities {unknown}
 z - a potion of berserk rage {unknown}


   Skills:
 - Level 3.1 Fighting
 - Level 3.6 Short Blades
 - Level 4.0 Armour
 + Level 4.6 Stealth
 - Level 3.7 Shields


You had 5 spell levels left.
You didn't know any spells.

Dungeon Overview and Level Annotations

Branches:
Dungeon (4/15)
 Temple: D:4-7

Altars:
Kikubaaqudgha

Annotations:
D:3 Huymann's ghost, average HEWz
D:4 Huymann's ghost, average HEHu


Innate Abilities, Weirdness & Mutations

You are small and have problems with some larger weapons.
You are somewhat resistant to further mutation.


Message History

Huymann's ghost hits you but does no damage.
You closely miss Huymann's ghost.
Huymann's ghost is almost destroyed.
Huymann's ghost barely misses you.
You hit Huymann's ghost.
Huymann's ghost is almost destroyed.
You closely miss Huymann's ghost.
Huymann's ghost is almost destroyed.
Huymann's ghost hits you but does no damage.
You hit Huymann's ghost but do no damage.
Huymann's ghost is almost destroyed.
Huymann's ghost hits you.
* * * LOW HITPOINT WARNING * * *
You hit Huymann's ghost but do no damage.
Huymann's ghost is almost destroyed.
Huymann's ghost closely misses you.
You hit Huymann's ghost but do no damage.
Huymann's ghost is almost destroyed.
Huymann's ghost hits you.
You die...

#....#..#
#....#..#
#....+...
#.%..#+##
#....#..###
#....#....#
#....'....#
#....#....#
#...@######
####.W.....#
#........
#........
#..#....#
...#....
.#.# .. . .+
. . +


You could see Huymann's ghost.

Vanquished Creatures
  Sigmund (D:4)
  An orc wizard (D:3)
  A worker ant (D:4)
  5 adders
  A worm (D:2)
  2 giant geckos
  An ooze (D:2)
  3 orcs (D:3)
  2 giant cockroaches (D:1)
  6 hobgoblins
  9 kobolds
  A ball python (D:1)
  5 bats (D:1)
  A giant newt (D:1)
  6 goblins
  5 jackals (D:2)
  A quokka (D:2)
  4 rats
55 creatures vanquished.

Vanquished Creatures (others)
  An orc wizard (D:3)
1 creature vanquished.

Grand Total: 56 creatures vanquished

Notes
Turn   | Place    | Note
--------------------------------------------------------------
     0 | D:1      | Arvee, the Halfling Fighter, began the quest for the Orb.
     0 | D:1      | Reached XP level 1. HP: 15/15 MP: 1/1
    94 | D:1      | Reached XP level 2. HP: 18/20 MP: 2/2
   653 | D:1      | Reached XP level 3. HP: 24/26 MP: 3/3
   851 | D:2      | Found an ancient bone altar of Kikubaaqudgha.
   999 | D:2      | Reached skill level 4 in Armour
   999 | D:2      | Reached XP level 4. HP: 19/31 MP: 4/4
  1416 | D:2      | Reached skill level 1 in Stealth
  1645 | D:3      | Reached XP level 5. HP: 32/36 MP: 5/5
  1700 | D:3      | Noticed Huymann's ghost (average HEWz)
  2706 | D:4      | Noticed Sigmund
  2726 | D:4      | Killed Sigmund
  2726 | D:4      | Reached XP level 6. HP: 35/42 MP: 6/6
  2740 | D:4      | Noticed Huymann's ghost (average HEHu)
  2800 | D:4      | HP: 1/42 [Huymann's ghost (6)]
  2802 | D:4      | Slain by Huymann's ghost

Action                   |  1- 3 |  4- 6 || total
-------------------------+-------+-------++-------
Melee: Cutlass           |    31 |       ||    31
       Dagger            |    91 |   161 ||   252
Evoke: Wand              |       |     7 ||     7
  Use: Scroll            |       |     1 ||     1
 Stab: Sleeping          |       |     3 ||     3
  Eat: Chunk             |       |     4 ||     4
       Fruit             |       |     2 ||     2
